 Dungeon Crawl Stone Soup version 0.27.0-66-gdc8fb28755 (webtiles) character file.

Game seed: 11143078245428621494

56 robertstho the Skirmisher (level 3, -3/33 HPs)
             Began as a Draconian Berserker on Aug 19, 2021.
             Was a Believer of Trog.
             Slain by Terence (7 damage)
             ... on level 2 of the Dungeon.
             The game lasted 00:01:31 (1468 turns).

robertstho the Skirmisher (Draconian Berserker)     Turns: 1468, Time: 00:01:32

Health: -3/33      AC:  5    Str: 26    XL:     3   Next: 71%
Magic:  3/3        EV: 12    Int:  7    God:    Trog [**....]
Gold:   34         SH:  0    Dex: 10    Spells: 2/2 levels left

rFire    . . .     SeeInvis .   a - +1 hand axe
rCold    . . .     Faith    .   (no shield)
rNeg     . . .     Spirit   .   (armour unavailable)
rPois    .         Reflect  .   (helmet restricted)
rElec    .         Harm     .   (no cloak)
rCorr    .         Rampage  .   (no gloves)
Will     ++...                  (no boots)
Stlth    +.........             (no amulet)
HPRegen  1.11/turn              f - +6 ring of strength
MPRegen  0.08/turn              (no ring)

@: brilliant, strong-willed, on berserk cooldown, attractive, regenerating,
slowed, very slow
A: AC +5, unfitting armour, cold-blooded
a: Renounce Religion, Berserk, Trog's Hand


You were on level 2 of the Dungeon.
You worshipped Trog.
Trog was pleased with you.
You visited 1 branch of the dungeon, and saw 2 of its levels.

You collected 34 gold pieces.

Inventory:

Hand Weapons
 a - a +1 hand axe (weapon)
Jewellery
 f - a +6 ring of strength (left hand)
Scrolls
 b - a scroll of identify
 h - a scroll of amnesia


   Skills:
 * Level 3.9 Fighting
 + Level 3.6 Axes
 * Level 3.3 Dodging
 + Level 0.1 Stealth


You had 2 spell levels left.
You didn't know any spells.
Your spell library was empty.

Dungeon Overview and Level Annotations

Branches:
Dungeon (2/15)

Altars:

Annotations:
D:2 Terence


Innate Abilities, Weirdness & Mutations

Your plain brown scales are hard. (AC +5)
You cannot fit into any form of body armour.
You are cold-blooded and may be slowed by cold attacks.


Message History

Terence barely misses you.
i - a grey potion Terence closely misses you.
Your skin crawls.
You feel strong-willed. Terence barely misses you.
Terence hits you with a +2 mace of protection.
* * * LOW HITPOINT WARNING * * *
It was a potion of brilliance.
You feel clever all of a sudden. Terence barely misses you.
It was a potion of attraction.
You feel attractive to monsters.
Terence hits you with a +2 mace of protection.
* * * LOW HITPOINT WARNING * * *
Terence closely misses you.
As you read the scroll labelled POTSYE KUMITURR, it crumbles to dust.
It is a scroll of identify.
h - a scroll of amnesia Terence hits you with a +2 mace of protection.
* * * LOW HITPOINT WARNING * * *
As you read the scroll labelled RIEXOE FULLOSS, it crumbles to dust.
You hear a loud clanging noise!
It was a scroll of noise.
You hear a shout! x4
Terence hits you with a +2 mace of protection.
* * * LOW HITPOINT WARNING * * *
Terence closely misses you.
As you read the scroll labelled WAUHUULLUT, it crumbles to dust.
You feel aware of your surroundings.
You sensed 1 shop/portal.
It was a scroll of magic mapping.
Terence hits you with a +2 mace of protection.
* * * LOW HITPOINT WARNING * * *
As you read the scroll labelled LEAFRI TOVVIENOO, it crumbles to dust.
It is a scroll of enchant weapon.
Your +0 hand axe glows red for a moment.
Terence says, "You're history."
Terence completely misses you.
Terence hits you with a +2 mace of protection!
You die...

*,,,,,* ##* **##........ *,,,,,*
#.# *........... *,,,,,*******#.#
*........... *,,,,,**.,,,*#.##
*........... *,,,,,**...,*#..#
#...........
*******<*,....##..####...........
*,,,,,,,*,....>..................
*,,,,**,,,,,,,,#.....##..........
*,,,,,,,,,,,,,.#@....####.#...##.
*,,,,,,,,......@.................
*,,,,,,,,.####.##.##.#.##...#.##.
*,,,,,,,,,* #....##...†.........
*,,,,,,,,,* #######+#.....##.###
*****,,,,,* *,,.....###†##.# #
***,,,,,* *,.......,.....#
*,,,,,,,* *......######.##
*,,,,,*** *......* *.#


You could see Terence.

Vanquished Creatures
  A gnoll (D:1)
  An adder (D:2)
  2 worms (D:2)
  6 ball pythons
  An endoplasm (D:2)
  A giant cockroach (D:2)
  5 goblins (D:1)
  5 hobgoblins
  A quokka (D:1)
  3 frilled lizards (D:1)
  2 kobolds
  4 rats
32 creatures vanquished.

Notes
Turn   | Place    | Note
-------+----------+-------------------------------------------
     0 | D:1      | robertstho the Draconian Berserker began the quest for the
                  | Orb.
     0 | D:1      | Reached XP level 1. HP: 19/19 MP: 1/1
    25 | D:1      | Reached XP level 2. HP: 19/26 MP: 2/2
   577 | D:1      | Found a faded altar of an unknown god.
   827 | D:1      | Reached XP level 3. HP: 32/33 MP: 3/3
  1072 | D:1      | Reached ** piety under Trog
  1456 | D:2      | Noticed Terence
  1468 | D:2      | Slain by Terence

Illustrated notes

Levels and vault maps discovered:
D:1:      dpeg_arrival_chambers_temple_mockup, layout_basic,
          ebering_ecumenical_altar_ruins
D:2:      layout_basic, serial_shops, nicolae_square_shop, uniq_robin,
          uniq_terence

Skill      XL: |  1  2 |
---------------+-------+-----
Dodging        | 3 |  3.3
Fighting       | |  3.9
Axes           | |  3.6
Stealth        | |  0.1

Action                   || total
-------------------------++-------
Melee: Hand axe          ||    85
       Tailslap          ||     8
Invok: Berserk           ||     2
       Trog's Hand       ||     1
  Use: Scroll            ||     4
       Potion            ||     2
 Stab: Sleeping          ||     1
Armor: Skin              ||    21
Dodge: Dodged            ||    55
